[Event "*** Titled Tuesday Blitz"]
[Site "Chess.com"]
[Date "2018.01.02"]
[Round "8"]
[White "TijanaBlagojevic"]
[Black "colemman"]
[Result "1/2-1/2"]
[WhiteElo "2372"]
[BlackElo "2414"]
[TimeControl "180+2"]
[EndTime "14:49:39 PST"]
[Termination "Game drawn by agreement"]

1. e4 c5 2. Nf3 e6 3. c4 Nc6 4.
d4 cxd4 5. Nxd4 Nge7 6. Nc3 Nxd4 7. Qxd4 Nc6 8. Qd3 Bc5 9. Be2 O-O 10. O-O b6 11. a3 Bb7 12. b4 Be7 13. Bb2 Bf6 14. Rac1 Rc8 15. f4 Be7 16. Kh1 a6 17. Rfd1 Nb8 18. e5 Qc7 19. Ne4 Bxe4 20. Qxe4 Rfd8 21.
Bd3 g6 22. Rc3 Bf8 23. Bb1 d6 24. exd6 Rxd6 25. Rxd6 Qxd6 26. Rd3 Qe7 27. Qd4 e5 28. fxe5 Bg7 29. h3 Nc6 30. Qd7 Qxd7 31. Rxd7 Nxe5 32.
Bxe5 Bxe5 33. Ba2 Bb2 34. a4 Ba3 35. b5 a5 36. c5 Rxc5 37. Bxf7+ Kh8 38. Be6 Re5 39. Bd5 Bc5 40. Kh2 Re3 41. g4 Ra3 42. g5 h6 43. gxh6 Rxa4 44. Kg3 Be3 45. h7 Bh6 46.
Kf3 Rb4 47. Be4 Rb3+ 48. Kf2 Rb2+ 49. Kf1 Rb1+ 50. Ke2 Rg1 51. h4 Bg7 52. h5 Kxh7 53. hxg6+ Kh6 54. Rb7 Rg4 55. Bf3 Rxg6 56. Be4 Rd6 57.
Bd3 a4 58. Kd2 a3 59. Ra7 Bb2 60. Kc2 Rd5 61. Bc4 Re5 62. Kb3 Re3+ 63. Ka2 Rc3 64.
Bb3 Rc5 65. Ba4 Rc4 66. Ra6 Rb4 67. Rxb6+ Kg5 68. Ra6 Kf5 69. b6 Bc1 70. Bb3 Be3 71. Kxa3 Rxb6 72. Bc2+ Kf4 73. Rxb6 Bxb6 74. Kb3 Be3 1/2-1/2

[Event "*** Titled Tuesday Blitz"]
[Site "Chess.com"]
[Date "2018.01.02"]
[Round "8"]
[White "RoelandPruijssers"]
[Black "AkshatChandra"]
[Result "0-1"]
[WhiteElo "2549"]
[BlackElo "2689"]
[TimeControl "180+2"]
[EndTime "14:49:50 PST"]
[Termination "AkshatChandra won by resignation"]

1. e4 e5 2. Nf3 Nc6 3. Bc4 Bc5 4.
c3 Nf6 5. d3 d6 6. Bb3 O-O 7. Nbd2 a5 8. h3 d5 9. exd5 Nxd5 10.
Ne4 Bb6 11. O-O h6 12. Re1 Nf6 13. Ng3 Re8 14. Ba4 Qd6 15. Be3 Bxe3 16. Rxe3 Bd7 17. Qd2 Nd5 18. Ree1 Rad8 19. Rad1 Qf6 20. Ne4 Qg6 21.
Kh1 Nf4 22. Ng3 Bxh3 23. gxh3 Rxd3 24. Nxe5 Rxd2 25. Nxg6 Rxe1+ 26. Rxe1 fxg6 27. h4 Rxf2 28. Bb3+ Kf8 29. Ne4 Rxb2 30. Rf1 Ke7 31. Rxf4 Ne5 32. Rf2 Rxf2 33. Nxf2 Nf3 34. Bc2 Nxh4 35. Be4 b5 36. Nd3 Kd6 37. Kh2 c5 38. Nf4 g5 39. Nd3 c4 40. Nb2 a4 41. Kg3 Kc5 42. a3 g6 43. Nd1 Nf5+ 44. Kf3 h5 45. Ne3 Ne7 46. Nc2 Nd5 47. Bxd5 Kxd5 48. Nd4 b4 49. axb4 a3 50. Nc2 a2 51. Ne3+ Kc6 52. Nc2 g4+ 53. Kg3 g5 54. Na1 Kb5 55. Nc2 Ka6 56. Na1 Kb6 57. Nc2 Kb5 58.
Na1 Ka4 59. Kg2 h4 60. Kh2 g3+ 61. Kh3 g4+ 62. Kg2 Kb5 63. Nc2 Kc6 64. Nd4+ Kb6 65. Nc2 Ka7 66. Na1 Ka6 67. Nc2 Kb5 68. Na1 Ka4 69.
Nc2 Kb3 70. Na1+ Kb2 71. b5 Kxa1 72. b6 Kb2 73. b7 a1=Q 74. b8=Q+ Kc2 75. Qf4 Qxc3 76.
Qxg4 Qd2+ 77. Kf3 Qd1+ 0-1

[Event "*** Titled Tuesday Blitz"]
[Site "Chess.com"]
[Date "2018.01.02"]
[Round "8"]
[White "Slmctk"]
[Black "ChristopherYoo"]
[Result "0-1"]
[WhiteElo "2298"]
[BlackElo "2319"]
[TimeControl "180+2"]
[EndTime "14:49:57 PST"]
[Termination "ChristopherYoo won by resignation"]

1. d4 Nf6 2. Nf3 g6 3. Bg5 Bg7 4. Nbd2 O-O 5. c3 d5 6. Bxf6 Bxf6 7. e4 dxe4 8. Nxe4 Bg7 9. Bc4 b6 10. Qe2 Bb7 11. O-O-O Bd5 12. h4 h5 13. Ne5 Bxc4 14. Qxc4 e6 15. Ng5 Qd5 16. Qxd5 exd5 17. Rhe1 c6 18.
f4 Bxe5 19. fxe5 Nd7 20. e6 fxe6 21. Rxe6 Rf6 22. Re7 Nf8 23. Nf3 Re6 24. Rc7 Re2 25.
Rd2 Rxd2 26. Kxd2 c5 27. dxc5 Ne6 28. Rc6 Nxc5 29. Rxg6+ Kh7 30. Rc6 Ne4+ 31. Ke3 Rg8 32. Rc7+ Kh8 33. Kd4 Rxg2 34. Kxd5 Nc5 35. Ng5 Rxb2 36.
Rxa7 Rd2+ 37. Ke5 Nd7+ 38. Kf5 Rf2+ 39. Ke6 Nc5+ 40. Kd5 Rf5+ 41. Kc4 Rf4+ 42. Kb5 Rxh4 43. Ra8+ Kg7 44. Kxb6 Ne4 45. Nxe4 Rxe4 46. Kb5 h4 47.
Ra7+ Kg6 48. Ra6+ Kg5 49. Ra8 h3 50. Rg8+ Kh4 51. c4 h2 52. c5 Re5 53. Kb6 h1=Q 54. Rh8+ Rh5 55. Rxh5+ Kxh5 56. c6 Qb1+ 57. Ka7 Qc2 58. Kb7 Qb2+ 59. Ka7 Qxa2+ 60. Kb7 Qb3+ 61. Kc8 Qe6+ 62. Kb7 Qd5 63. Kb6 Qb3+ 64. Ka7 Qc4 65. Kb7 Qb5+ 66. Kc7 Kg6 67. Kd6 Qb6 68. Kd7 Kf7 69. Kd6 Ke8 70. Kd5 Kd8 71. Kd6 Qd4+ 72. Ke6 Kc7 0-1

[Event "*** Titled Tuesday Blitz"]
[Site "Chess.com"]
[Date "2018.01.02"]
[Round "8"]
[White "MITerryble"]
[Black "gmmoranda"]
[Result "1-0"]
[WhiteElo "2683"]
[BlackElo "2730"]
[TimeControl "180+2"]
[EndTime "14:49:59 PST"]
[Termination "MITerryble won by resignation"]

1. d4 Nf6 2. Nf3 e6 3. c4 d5 4.
e3 a6 5. b3 c5 6. Bb2 Nc6 7.
dxc5 Bxc5 8. a3 O-O 9. b4 Ba7 10.
Nbd2 Qe7 11. Be2 Rd8 12. Qc2 e5 13. cxd5 Nxd5 14. O-O Be6 15. Ne4 Bf5 16. Rad1 Rac8 17. Qb1 Bg6 18. Bd3 h6 19. Ng3 Bxd3 20. Rxd3 Qe6 21. Rdd1 Nde7 22. Rxd8+ Rxd8 23. Rd1 Rxd1+ 24. Qxd1 f6 25. Qc2 b5 26. h4 Qd5 27. h5 Bb6 28.
Nd2 Kf7 29. Nf3 Nd8 30. Nh4 Qc4 31. Qe4 Ne6 32. Nhf5 Qxe4 33. Nd6+ Kf8 34. Ngxe4 Nd5 35. g4 Ng5 36. Nxg5 hxg5 37. Kg2 Ke7 38. Nf5+ Kf7 39. Kf3 Bc7 40. Ke4 Nb6 41. Ng3 Bd6 42. Kd3 Ke6 43.
Nf5 Bf8 44. Bc1 Nc4 45. Kc3 Kd5 46. f3 e4 47. f4 Nb6 48. fxg5 fxg5 49. Kc2 Nc4 50. Bb2 Ke6 51. Bxg7 Nxe3+ 52. Nxe3 Bxg7 53. Nf5 Be5 54. Kd2 Kd5 55. h6 Bf4+ 56. Kc3 Be5+ 57. Kd2 Bf4+ 58. Kc3 Be5+ 59. Kc2 e3 60. Kd3 e2 61.
Kxe2 Ke4 62. h7 Kf4 63. Nh6 Bb2 64. Kf2 Bd4+ 65. Kg2 Bb2 66. Kh3 Ke4 67. Nf7 Kd5 68. Nxg5 Kc4 69. Nf7 Kb3 70. h8=Q Bxh8 71. Nxh8 Kxa3 72. g5 Kxb4 73. g6 a5 74. g7 a4 75.
g8=Q 1-0

[Event "*** Titled Tuesday Blitz"]
[Site "Chess.com"]
[Date "2018.01.02"]
[Round "8"]
[White "DanielNaroditsky"]
[Black "djogrodek1"]
[Result "1-0"]
[WhiteElo "2810"]
[BlackElo "2469"]
[TimeControl "180+2"]
[EndTime "14:49:59 PST"]
[Termination "DanielNaroditsky won by resignation"]

1. d4 d5 2. c4 c6 3. Nf3 Nf6 4. Nc3 e6 5. g3 dxc4 6. Bg2 Nbd7 7. O-O b5 8. e4 Bb7 9. e5 Nd5 10. Ng5 h6 11. Qh5 g6 12. Qh3 Be7 13. Nge4 Kf8 14. Nd6 Bxd6 15. exd6 Nxc3 16. bxc3 Kg7 17. a4 a6 18. Be3 Nf6 19. d5 Nxd5 20. Bd4+ e5 21. Bxe5+ f6 22. Bd4 Qxd6 23. Rfe1 Rae8 24. axb5 cxb5 25.
Rad1 h5 26. Qh4 Rhf8 27. Be4 Rf7 28. Bc2 Rxe1+ 29. Rxe1 Re7 30. Rd1 Qe6 31. Rf1 Qe2 32. Bd1 Qe6 33. Bc2 Qe2 34. Bd1 Qe6 35. g4 Qe4 36. f3 Qf4 37. Qg3 Qxg3+ 38. hxg3 Ne3 39. Re1 Nd5 40. Rf1 Kf7 41. gxh5 gxh5 42. f4 Kg6 43. f5+ Kg5 44. Kf2 Nc7 45. Be3+ Kxf5 46. Bxh5 Ke6 47. Bc5 Rh7 48. g4 Nd5 49. Re1+ Kd7 50. Bd4 Kd6 51. Re8 Bc6 52. Rd8+ Kc7 53. Rf8 Kd6 54. Kg3 a5 55. Bg6 Re7 56. Bf5 Re1 57. Rd8+ Kc7 58. Rc8+ Kd6 59.
Rd8+ Kc7 60. Rc8+ Kd6 61. Rd8+ Kc7 62. Rh8 b4 63. Bc5 Nb6 64. Rh7+ Nd7 65. cxb4 axb4 66. Bxb4 Rb1 67. Bxb1 1-0

[Event "*** Titled Tuesday Blitz"]
[Site "Chess.com"]
[Date "2018.01.02"]
[Round "8"]
[White "sandager"]
[Black "julinha97"]
[Result "0-1"]
[WhiteElo "1959"]
[BlackElo "2200"]
[TimeControl "180+2"]
[EndTime "14:50:01 PST"]
[Termination "julinha97 won by checkmate"]

1. e4 c5 2. Nf3 d6 3. d4 cxd4 4.
Nxd4 Nf6 5. Nc3 g6 6. Be3 Bg7 7. Be2 O-O 8. O-O Nc6 9. f4 Qb6 10. Na4 Qa5 11. Nc3 Qb4 12. a3 Qa5 13. b4 Qc7 14. Nd5 Nxd5 15. exd5 Nxd4 16. Bxd4 Bxd4+ 17. Qxd4 Qxc2 18. Bd3 Qc7 19. Kh1 Qb6 20. Qe4 Bf5 21. Qe2 Bxd3 22. Qxd3 a5 23. b5 a4 24. f5 Rac8 25.
Rf3 Rc5 26. fxg6 hxg6 27. Raf1 Qxb5 28. Qe4 Qc4 29. Qxe7 Qxd5 30. h3 Rc2 31. Rg3 Kg7 32. Qf6+ Kh7 33. Rxg6 fxg6 34. Qe7+ Kh6 35. Qxf8+ Kg5 36.
Qf6+ Kh6 37. Qh8+ Kg5 38. Qd8+ Kh6 39. Qh8+ Kg5 40. Qf6+ Kh5 41. Qh8+ Kg5 42. Rf3 Rc1+ 43. Kh2 Qe5+ 44. Rg3+ Kf5 45. Qf8+ Ke6 46. Qg8+ Kd7 47.
Qf7+ Kc6 48. Qf3+ d5 49. Qg4 Rc4 50. Qxg6+ Kc5 51. Qg5 Qxg5 52. Rxg5 Rc3 53. g3 Rxa3 54. h4 Ra2+ 55. Kh3 Kd6 56. Rg8 d4 57. Rd8+ Ke5 58.
h5 Ra1 59. Kg4 Rh1 60. Kg5 a3 61. g4 a2 62. Re8+ Kd6 63. Rd8+ Ke7 64. Rxd4 a1=Q 65. Re4+ Kf7 66. Rf4+ Kg7 67. Rf5 Qc1+ 68. Rf4 Rf1 69. h6+ Kh7 70. Kh5 Qxf4 71. g5 Rh1# 0-1

[Event "*** Titled Tuesday Blitz"]
[Site "Chess.com"]
[Date "2018.01.02"]
[Round "8"]
[White "MatthewG-p4p"]
[Black "Vrolijk"]
[Result "1/2-1/2"]
[WhiteElo "2598"]
[BlackElo "2447"]
[TimeControl "180+2"]
[EndTime "14:50:23 PST"]
[Termination "Game drawn - insufficient material"]

1. c4 e5 2. Nc3 Nf6 3. Nf3 Nc6 4.
e3 Bb4 5. Qc2 Bxc3 6. Qxc3 Qe7 7.
d3 d5 8. cxd5 Nxd5 9. Qb3 Nb6 10. a3 Be6 11. Qc2 O-O 12. b3 a5 13. Bb2 f6 14. Be2 Rad8 15. O-O Qf7 16. Nd2 Nd5 17. Rac1 Qg6 18. Bf3 Nde7 19. Ne4 Bd5 20. Kh1 f5 21. Nd2 Bxf3 22. Nxf3 Qe6 23. Rfd1 h6 24. d4 e4 25. Nd2 Nd5 26. Re1 Rde8 27. Nc4 f4 28. exf4 Nxf4 29. Rcd1 Nd3 30. Re2 Qg4 31. Ne3 Qh5 32.
Rxd3 exd3 33. Qxd3 Kh8 34. h3 Ne7 35. d5 Nxd5 36.
Ng4 Nf4 37. Qd4 Qf7 38. Rxe8 Rxe8 39. Nxh6 Qf6 40. Qxf6 gxf6 41. Bxf6+ Kh7 42. Ng4 Re1+ 43. Kh2 Rb1 44. Be5 Ne6 45. f4 Rxb3 46. f5 Ng5 47. Bxc7 Rb5 48. f6 Rf5 49. Bd8 Ne6 50. Be7 b5 51.
Ne3 Rf2 52. Ng4 Rf4 53. Ne5 b4 54.
axb4 axb4 55. Nd3 Rf5 56. Nxb4 Ng5 57. Nd3 Kg6 58. g4 Rf1 59. h4 Nf3+ 60. Kg3 Ng1 61.
Ne5+ Kh7 62. g5 Ne2+ 63. Kg2 Rf4 64. h5 Rf5 65. g6+ Kh6 66. g7 Kh7 67. Ng4 Nf4+ 68.
Kf3 Nxh5+ 69. Ke3 Nxf6 70. Nxf6+ Kxg7 71. Ng4 Kf7 72. Bb4 Ke6 73. Bc3 Rb5 74. Kd2 Rc5 75. Bd4 Kd5 76. Kd3 Ra5 77. Ne3+ Kc6 78. Nc4 Rh5 79. Be3 Rh3 80. Ne5+ Kd5 81. Nf7 Rxe3+ 82. Kxe3 1/2-1/2

[Event "*** Titled Tuesday Blitz"]
[Site "Chess.com"]
[Date "2018.01.02"]
[Round "8"]
[White "ramses135"]
[Black "nickmatta"]
[Result "1-0"]
[WhiteElo "2380"]
[BlackElo "2214"]
[TimeControl "180+2"]
[EndTime "14:50:33 PST"]
[Termination "ramses135 won by checkmate"]

1. e4 c5 2. Nf3 d6 3. d4 cxd4 4. Nxd4 Nf6 5. Nc3 a6 6. Be2 e5 7.
Nb3 Be7 8. O-O O-O 9. Be3 Be6 10. Qd2 b5 11. a4 b4 12. Nd5 Nxe4 13. Nxe7+ Qxe7 14. Qxb4 Nf6 15. Rfd1 Nc6 16. Qxd6 Qxd6 17. Rxd6 Nb4 18.
Rc1 Nxc2 19. Rxe6 Nxe3 20. Rxa6 Ned5 21. Rxa8 Rxa8 22. Bb5 Kf8 23. Kf1 Ke7 24. Nd2 Nb6 25.
b3 Nfd5 26. g3 f5 27. Ke2 Kd6 28. Rc6+ Ke7 29. Nf3 Nd7 30. Bc4 N5b6 31. Nxe5 Nxe5 32. Re6+ Kd8 33. Rxe5 Nxc4 34. bxc4 Rxa4 35. Rxf5 Rxc4 36.
Rf7 Rg4 37. h3 Rg6 38. g4 Ke8 39. Ra7 Kf8 40. f4 Rb6 41. Ra3 Kf7 42. Kf3 Rb1 43.
g5 Rb7 44. Kg4 g6 45. Re3 Rc7 46. h4 Rd7 47. h5 gxh5+ 48. Kxh5 Rd4 49. Kg4 Rc4 50. Kf5 Rc5+ 51. Re5 Rc4 52. Rb5 Rc7 53. Ra5 Rd7 54. Ra6 Rc7 55. Rf6+ Kg7 56. Re6 Kf7 57.
Rh6 Kg7 58. Ke6 Rc6+ 59. Ke7 Rc7+ 60. Kd6 Rf7 61. Ke5 Re7+ 62. Re6 Rf7 63. f5 Rc7 64. Rd6 Ra7 65. Ke6 Kf8 66. Rd8+ Kg7 67. Rd7+ Rxd7 68. Kxd7 h6 69. Ke7 hxg5 70. f6+ Kg6 71. f7 g4 72.
f8=Q Kg5 73. Qf1 g3 74. Qg1 Kf4 75. Ke6 Kf3 76. Kf5 g2 77. Kg5 Kg3 78. Kh5 Kh3 79. Qf2 Kh2 80. Kg4 Kh1 81. Qh4+ Kg1 82. Kf3 Kf1 83.
Qf2# 1-0

[Event "*** Titled Tuesday Blitz"]
[Site "Chess.com"]
[Date "2018.01.02"]
[Round "8"]
[White "GM_dmitrij"]
[Black "GMKrikor"]
[Result "0-1"]
[WhiteElo "2614"]
[BlackElo "2673"]
[TimeControl "180+2"]
[EndTime "14:50:52 PST"]
[Termination "GMKrikor won by resignation"]

1. e4 c5 2. Nf3 d6 3. Bb5+ Nd7 4. O-O a6 5. Bd3 Ngf6 6. Re1 e6 7. c3 b5 8. Bc2 c4 9. a4 Bb7 10. d4 cxd3 11.
Qxd3 Nc5 12. Qe2 bxa4 13. e5 dxe5 14. Nxe5 Bd6 15. Bg5 O-O 16. Nd2 h6 17. Bxf6 Qxf6 18. Ndc4 Bc7 19. Qe3 Qg5 20. Qxg5 hxg5 21. Bxa4 Nxa4 22.
Rxa4 Rfd8 23. Na5 Bxe5 24. Nxb7 Rd2 25. Rb4 Rb8 26. g3 f6 27. Ra1 Rd7 28. Nc5 Rxb4 29. Nxd7 Rxb2 30. Nxe5 fxe5 31. Rxa6 Kf7 32. c4 g4 33. c5 Rc2 34. Rc6 Kf6 35. Rc8 e4 36.
c6 Ke5 37. c7 Rc1+ 38. Kg2 Rc2 39. Kf1 Rc6 40. Ke2 Rc2+ 41. Kd1 Rc6 42. Kd2 Rc5 43. Ke3 Rc3+ 44. Ke2 Rc6 45. Kf1 Rc1+ 46. Kg2 Rc2 47.
h3 e3 48. Kf1 gxh3 49. Rh8 Rxc7 50. fxe3 Ke4 51. Rxh3 Kxe3 52. Rh5 Kf3 53. Ke1 Kxg3 54.
Re5 Re7 55. Ke2 Kf4 56. Ra5 g5 57. Kf2 e5 58. Ra8 Rf7 59. Ra4+ e4 60. Ra6 g4 61. Rg6 Ra7 62. Rf6+ Ke5 63. Rf8 Ra2+ 64. Ke3 Ra3+ 65. Ke2 g3 66. Re8+ Kf4 67. Rg8 Ra2+ 68. Kf1 Kf3 69.
Rf8+ Ke3 70. Rg8 Ra1+ 71. Kg2 Ke2 72. Rxg3 e3 73. Rg8 Ke1 74. Rh8 Kd2 75. Rd8+ Ke2 76. Rb8 Kd3 77. Rb3+ Kd2 78. Rb2+ Kc3 79. Re2 Kd3 80. Rb2 e2 81. Rb3+ Kc4 82. Re3 e1=Q 83. Rxe1 Rxe1 0-1

[Event "*** Titled Tuesday Blitz"]
[Site "Chess.com"]
[Date "2018.01.02"]
[Round "8"]
[White "GM_Huschenbeth"]
[Black "Marcus_Harvey"]
[Result "1-0"]
[WhiteElo "2484"]
[BlackElo "2539"]
[TimeControl "180+2"]
[EndTime "14:52:00 PST"]
[Termination "GM_Huschenbeth won by resignation"]

1. e4 e6 2. d4 d5 3. Nc3 Nf6 4. e5 Nfd7 5. f4 c5 6. Nf3 Nc6 7. Be3 a6 8. Qd2 Qb6 9. Na4 Qb4 10. Qxb4 Nxb4 11. Kd2 b6 12. Be2 Bb7 13. Nc3 Be7 14.
Nd1 f5 15. c3 Nc6 16. Nf2 cxd4 17. cxd4 Rc8 18. h3 Na5 19. b3 Bb4+ 20. Kd1 O-O 21.
Rc1 Ba3 22. Rxc8 Rxc8 23. g4 g6 24. h4 Nc6 25. h5 Nb4 26. hxg6 hxg6 27. gxf5 gxf5 28.
Ng5 Nxa2 29. Bh5 Nc3+ 30. Ke1 Kf8 31. Bf7 Bb4 32. Kf1 Ke7 33. Bxe6 Nf8 34. Bxf5 Rc6 35. Bd3 Bc8 36. f5 b5 37. f6+ Ke8 38. Rh8 Na2 39. Bg6+ Kd8 40. Rxf8+ Bxf8 41. Nh7 Bb4 42. Bg5 Kc7 43. Nd3 Ba3 44. Ke2 Bg4+ 45. Ke3 Nb4 46. Nf4 Nc2+ 47. Bxc2 Rxc2 48. Nxd5+ Kc6 49. Ne7+ Kb7 50.
f7 Bc1+ 51. Kd3 Rf2 52. Bf6 Bh6 53. Ke4 Bf3+ 54. Kf5 Bd5+ 55. Kg6 Bxf7+ 56. Kxf7 Be3 57. d5 a5 58. d6 a4 59. Nd5 axb3 60. d7 Bb6 61.
Nxb6 b2 62. d8=Q b1=Q 63. Ng5 Qb3+ 64. Nd5 Rd2 65. Qb6+ Ka8 66. Qc6+ Ka7 67. Qc7+ Ka8 68. Qd8+ Kb7 69. Qd7+ Kb8 70. Ne6 Qxd5 71. Qc7+ Ka8 72.
Ke7 b4 73. Qc8+ Ka7 74. Bg5 Rd3 75. Bh4 Rd2 76. Qc7+ Ka6 77. Bg5 Rd1 78. Qc8+ Kb5 79. Qb8+ Ka4 80. Qa7+ Kb3 81. Qf2 Rd3 82. Nc5+ Kc4 83.
Nxd3 Qxd3 84. e6 b3 85. Bf6 Qh7+ 86. Kd6 Qd3+ 87. Ke7 Qh7+ 88. Kf8 Qh6+ 89. Kf7 Qh7+ 90. Bg7 Qh5+ 91. Kf8 Qd5 92. e7 Qd6 93. Qf1+ Kb4 94. Qe1+ Kc4 95. Qe4+ Kb5 96. Qe5+ Qc5 97. Qxc5+ 1-0

[Event "*** Titled Tuesday Blitz"]
[Site "Chess.com"]
[Date "2018.01.02"]
[Round "9"]
[White "rasool78"]
[Black "AndrewDGreen"]
[Result "1-0"]
[WhiteElo "2317"]
[BlackElo "2123"]
[TimeControl "180+2"]
[EndTime "14:55:05 PST"]
[Termination "rasool78 won by resignation"]

1. e4 Nf6 2. e5 Nd5 3. c4 Nb6 4.
c5 Nd5 5. Nc3 e6 6. d4 b6 7.
cxb6 axb6 8. Nf3 Ba6 9. Bxa6 Nxa6 10. O-O Nxc3 11. bxc3 d5 12. Ng5 Be7 13. Qh5 g6 14.
Qh6 Bf8 15. Qh3 h6 16. Nxe6 fxe6 17. Qxe6+ Qe7 18. Qc6+ Kf7 19. Qxa8 1-0

[Event "*** Titled Tuesday Blitz"]
[Site "Chess.com"]
[Date "2018.01.02"]
[Round "9"]
[White "Marcus_Harvey"]
[Black "CookiesAndIceCream"]
[Result "1-0"]
[WhiteElo "2540"]
[BlackElo "2100"]
[TimeControl "180+2"]
[EndTime "14:55:29 PST"]
[Termination "Marcus_Harvey won by resignation"]

1. Nf3 d5 2. b3 c6 3. Bb2 Nf6 4. e3 Bf5 5. Be2 Nbd7 6. O-O h6 7. Nc3 e6 8. d3 Bd6 9. Re1 O-O 10. Bf1 Bh7 11.
e4 Re8 12. e5 Nxe5 13. Nxe5 Qc7 14. d4 Nd7 15. Nxd7 Qxd7 16. Bd3 e5 17. Bxh7+ Kxh7 18.
dxe5 Bxe5 19. Qd3+ Kg8 20. Nxd5 1-0

[Event "*** Titled Tuesday Blitz"]
[Site "Chess.com"]
[Date "2018.01.02"]
[Round "9"]
[White "NewBornNow"]
[Black "EndgameGrinder"]
[Result "0-1"]
[WhiteElo "2659"]
[BlackElo "2477"]
[TimeControl "180+2"]
[EndTime "14:55:44 PST"]
[Termination "EndgameGrinder won by resignation"]

1. e4 c5 2. Nf3 e6 3. d4 cxd4 4. Nxd4 Nc6 5. Nc3 Qc7 6. Be3 a6 7. Be2 Nf6 8. a3 b5 9. Nxc6 dxc6 10. f4 e5 11. O-O Bd6 12. f5 Bb7 13. g4 c5 14.
Bxb5+ Ke7 15. Bc4 Nxe4 16. Nd5+ Bxd5 17. Qxd5 Nf6 18. Qxf7+ Kd8 19. Qd5 Nxd5 20. Bxd5 Rb8 0-1

[Event "*** Titled Tuesday Blitz"]
[Site "Chess.com"]
[Date "2018.01.02"]
[Round "9"]
[White "julinha97"]
[Black "Laico"]
[Result "0-1"]
[WhiteElo "2191"]
[BlackElo "2158"]
[TimeControl "180+2"]
[EndTime "14:56:04 PST"]
[Termination "Laico won by resignation"]

1. e4 e6 2. d4 d5 3. Nc3 Nf6 4. e5 Nfd7 5. f4 c5 6. Nf3 Nc6 7. Be3 cxd4 8. Nxd4 Bc5 9. Qd2 O-O 10. O-O-O a6 11. g4 Nxd4 12. Bxd4 b5 13. Kb1 b4 14. Ne2 a5 15. f5 Bxd4 16. Qxd4 Qc7 17. fxe6 fxe6 18. Nf4 Qxe5 19. Qxe5 Nxe5 20. Nd3 Nxg4 21. Bh3 Nf2 22. Nxf2 Rxf2 23. Rhe1 Kf7 24. Rf1 Rxf1 25. Rxf1+ Ke7 26. Rg1 g6 27. Bf1 e5 28. h4 Ba6 29.
Bg2 e4 30. h5 gxh5 31. Rh1 Be2 0-1

[Event "*** Titled Tuesday Blitz"]
[Site "Chess.com"]
[Date "2018.01.02"]
[Round "9"]
[White "Zufi1811"]
[Black "Al_Shima"]
[Result "1-0"]
[WhiteElo "2412"]
[BlackElo "2213"]
[TimeControl "180+2"]
[EndTime "14:57:20 PST"]
[Termination "Zufi1811 won by resignation"]

1. g3 e5 2. Bg2 d5 3. d3 Nc6 4.
Nf3 f6 5. O-O Be6 6. e4 dxe4 7.
dxe4 Qxd1 8. Rxd1 Bc5 9. c3 a5 10. Nbd2 O-O-O 11. Re1 a4 12. Bf1 Na5 13. Bb5 Bd7 14.
Bxd7+ Rxd7 15. b4 axb3 16. axb3 Nc6 17. Ra8+ Nb8 18. b4 Bf8 19. Nc4 b6 20. Be3 Ne7 21.
b5 Rd8 22. Rea1 Ng6 23. R1a7 Bc5 24. Bxc5 bxc5 25. b6 Rd7 26. bxc7 Rxc7 27. Nb6+ Kd8 28. Rxb8+ 1-0

[Event "*** Titled Tuesday Blitz"]
[Site "Chess.com"]
[Date "2018.01.02"]
[Round "9"]
[White "tomsishere"]
[Black "viktorskliarov"]
[Result "0-1"]
[WhiteElo "2282"]
[BlackElo "2435"]
[TimeControl "180+2"]
[EndTime "14:57:31 PST"]
[Termination "viktorskliarov won by resignation"]

1. d4 Nf6 2. c4 e6 3. Nc3 Bb4 4. Qc2 c5 5. dxc5 Na6 6. a3 Bxc3+ 7. Qxc3 Nxc5 8. f3 d5 9. cxd5 b6 10. Bg5 exd5 11. e3 O-O 12. Rd1 Nfe4 13. Bxd8 Nxc3 14. bxc3 Rxd8 15. Bb5 Be6 16. Ne2 Rac8 17. Nf4 a6 18. Be2 b5 19. Rc1 Na4 20. Kd2 Rd6 21. Rc2 Rdc6 22.
Rhc1 Nc5 23. Bd3 Nb3+ 24. Kd1 Nxc1 25. Rxc1 Rxc3 26. Rxc3 Rxc3 27. Kd2 Rxa3 0-1

[Event "*** Titled Tuesday Blitz"]
[Site "Chess.com"]
[Date "2018.01.02"]
[Round "9"]
[White "VeraNebolsina"]
[Black "SergeiAza"]
[Result "0-1"]
[WhiteElo "2269"]
[BlackElo "2654"]
[TimeControl "180+2"]
[EndTime "14:57:53 PST"]
[Termination "SergeiAza won by resignation"]

1. e4 c5 2. Nf3 Nc6 3. Bb5 e6 4. O-O Nge7 5. c3 a6 6. Ba4 b5 7.
Bc2 Bb7 8. Re1 Ng6 9. d4 cxd4 10.
cxd4 Rc8 11. a3 Qc7 12. Nc3 Be7 13. Bg5 O-O 14. Bxe7 Ncxe7 15. Rc1 Qb6 16. Qd3 f5 17. exf5 Nxf5 18. Qd2 Bxf3 19. gxf3 Nxd4 20. Be4 Nh4 21. Kh1 Ndxf3 22. Bxf3 Nxf3 23. Qxd7 Nxe1 24. Rxe1 Qxf2 25. Qxe6+ Kh8 0-1

[Event "*** Titled Tuesday Blitz"]
[Site "Chess.com"]
[Date "2018.01.02"]
[Round "9"]
[White "maciek_92"]
[Black "TheBigBoss04"]
[Result "0-1"]
[WhiteElo "2542"]
[BlackElo "2503"]
[TimeControl "180+2"]
[EndTime "14:57:57 PST"]
[Termination "TheBigBoss04 won by resignation"]

1. e4 c6 2. d4 d5 3. Nc3 dxe4 4. Nxe4 Bf5 5. Ng3 Bg6 6. h4 h6 7. f4 e6 8. Nf3 Bd6 9. h5 Bh7 10. Bd3 Bxd3 11. Qxd3 Nf6 12. Bd2 Qc7 13. Ne2 Nbd7 14. O-O-O c5 15. Kb1 c4 16. Qe3 Nd5 17. Qf2 b5 18. f5 b4 19. fxe6 fxe6 20. Bc1 O-O 21. Qh4 Rab8 22. Qe4 N7f6 23. Qxe6+ Rf7 24. Ne5 Bxe5 25.
dxe5 Re8 26. Qa6 Qxe5 27. Nd4 Rc7 28. Nf3 Qf5 29. Rhe1 Rxe1 30. Rxe1 Qxh5 31. Qe6+ Kh7 32. Qe2 b3 33. axb3 cxb3 34. Qd3+ Kg8 35. Qxb3 Qf5 36. Nd4 Qg4 37. Qb8+ Kh7 38. c3 Qg6+ 39. Ka2 Qg3 40. Re2 Rxc3 41. Qxg3 Rxg3 42. Bd2 g5 43. Nf5 Rd3 44.
Kb1 Kg6 45. Nd6 h5 46. Kc2 Rd4 47. Nb5 Rc4+ 48. Kb3 Re4 49. Rf2 h4 50. Nc3 Nxc3 51.
Bxc3 Ng4 52. Rf8 Ne3 53. Rg8+ Kh5 54. Bf6 Rg4 55. Bd4 Rxd4 0-1

[Event "*** Titled Tuesday Blitz"]
[Site "Chess.com"]
[Date "2018.01.02"]
[Round "9"]
[White "Colombiano07"]
[Black "ramses135"]
[Result "0-1"]
[WhiteElo "2210"]
[BlackElo "2386"]
[TimeControl "180+2"]
[EndTime "14:58:02 PST"]
[Termination "ramses135 won by resignation"]

1. e4 e5 2. Nf3 Nc6 3. g3 g6 4. Bg2 Bg7 5. O-O d6 6. c3 Nge7 7. d4 O-O 8. Bg5 h6 9. Be3 f5 10. dxe5 fxe4 11. Nfd2 d5 12. f4 exf3 13. Nxf3 Nf5 14.
Bd4 Qe7 15. Re1 g5 16. Na3 g4 17. Nh4 Nxh4 18. gxh4 Be6 19. h5 Qh4 20. Bf2 Qxf2+ 0-1

[Event "*** Titled Tuesday Blitz"]
[Site "Chess.com"]
[Date "2018.01.02"]
[Round "9"]
[White "TregubovP"]
[Black "oskariot"]
[Result "0-1"]
[WhiteElo "2482"]
[BlackElo "2387"]
[TimeControl "180+2"]
[EndTime "14:58:13 PST"]
[Termination "oskariot won by resignation"]

1. d4 Nf6 2. c4 c5 3. d5 b5 4.
cxb5 a6 5. e3 g6 6. Nc3 Bg7 7.
Nf3 O-O 8. a4 d6 9. Be2 Qa5 10.
O-O axb5 11. Bxb5 Ba6 12. Bd2 Ne8 13. e4 Nc7 14. e5 Qb6 15. exd6 exd6 16. a5 Qb7 17.
Bxa6 Nbxa6 18. Ne4 Qxd5 19. Re1 Bxb2 20. Bh6 Qxd1 21. Raxd1 d5 22. Bxf8 dxe4 23. Ng5 Rxf8 24. Nxe4 Kg7 25. Rd7 c4 26. Nd6 c3 27. Re2 Ne6 28. Nc4 Nac5 29. Rd5 Nf4 0-1

[Event "*** Titled Tuesday Blitz"]
[Site "Chess.com"]
[Date "2018.01.02"]
[Round "9"]
[White "djogrodek1"]
[Black "Abrito99"]
[Result "0-1"]
[WhiteElo "2459"]
[BlackElo "2399"]
[TimeControl "180+2"]
[EndTime "14:58:16 PST"]
[Termination "Abrito99 won by resignation"]

1. e4 c5 2. Nf3 e6 3. d4 cxd4 4. Nxd4 Nc6 5. Nc3 Qc7 6. Be3 a6 7. a3 Nf6 8. f4 Nxd4 9. Qxd4 Ng4 10. Bg1 Qxf4 11. Be2 h5 12. g3 Qc7 13. O-O-O Be7 14.
Na4 b5 15. Nb6 Rb8 16. Bxg4 Bf6 17. e5 Bxe5 18. Qb4 hxg4 19. Nxc8 Rxc8 20. Rd2 Qc6 0-1

[Event "*** Titled Tuesday Blitz"]
[Site "Chess.com"]
[Date "2018.01.02"]
[Round "9"]
[White "evgenysharapov"]
[Black "Korchmar_Vasiliy"]
[Result "0-1"]
[WhiteElo "2382"]
[BlackElo "2560"]
[TimeControl "180+2"]
[EndTime "14:58:39 PST"]
[Termination "Korchmar_Vasiliy won by checkmate"]

1. e4 e5 2. Nf3 Nc6 3. Bb5 a6 4. Ba4 Nf6 5. O-O Be7 6. Re1 b5 7. Bb3 O-O 8. c3 d5 9. exd5 Nxd5 10. Nxe5 Nxe5 11. Rxe5 c6 12. d4 Bd6 13. Re1 Qh4 14. g3 Qh3 15. Be3 Bg4 16. Qd3 Rae8 17. Nd2 Qh5 18. a4 Re6 19. Bxd5 Qxd5 20. axb5 axb5 21.
c4 bxc4 22. Qxc4 Qh5 23. f4 Rb8 24. Bf2 Be2 25. Qc2 Bb4 26. Ra4 Qd5 27. Rea1 Ree8 28. Nb1 Bf1 29. Kxf1 Qh1+ 30. Bg1 Qf3+ 31. Bf2 Re1# 0-1